 Dungeon Crawl Stone Soup version 0.31.0-32-g396128a36d (webtiles) character file.

Game seed: 4767014377467809336

59 RatsInWalls the Ruffian (level 3, 0/17 HPs)
             Began as a Demigod Shapeshifter on Mar 9, 2024.
             Frozen to death by an endoplasm (5 damage)
             ... on level 2 of the Dungeon.
             The game lasted 00:04:22 (1910 turns).

RatsInWalls the Ruffian (Demigod Shapeshifter)      Turns: 1910, Time: 00:04:23

Health: 0/17       AC:  6    Str: 15    XL:     3   Next: 54%
Magic:  5/5        EV: 17    Int: 16    God:
Gold:   120        SH:  0    Dex: 19    Spells: 2/2 levels left

rFire   . .          .
                       - Unarmed
rCold   . . .        (shield currently unavailable)
rNeg    . . .        a - melded +0 animal skin
rPois   .            g - +0 helmet
rElec   .            k - +0 cloak
rCorr   .            (no gloves)
SInv    .            (no boots)
Will    .....        (no amulet)
Stlth   +            h - +4 ring of protection
HPRegen 0.22/turn    n - +6 ring of dexterity
MPRegen 0.09/turn

%: no passive effects
@: flux-form, glowing
A: glow, contaminating, reduced hp, high MP 1, forlorn, divine attributes
a: Begin Untransformation


You were on level 2 of the Dungeon.
You were something dangerously unstable.
You visited 1 branch of the dungeon, and saw 2 of its levels.

You collected 120 gold pieces.

Inventory:

Armour
 a - a +0 animal skin (melded)
 g - a +0 helmet (worn)
 k - a +0 cloak (worn)
Jewellery
 h - a +4 ring of protection (left hand)
 m - a ring of see invisible
 n - a +6 ring of dexterity (right hand)
Talismans
 c - a beast talisman
 d - a flux talisman (active)
Scrolls
 f - a scroll of poison {unknown}
 i - 3 scrolls of identify {unknown}
 j - a scroll of teleportation {unknown}
 o - 2 scrolls of immolation {unknown}
 p - a scroll of enchant weapon {unknown}
Potions
 b - a potion of lignification
 e - 2 potions of curing {unknown}
 l - a potion of invisibility {unknown}


   Skills:
 + Level 1.6 Fighting
 + Level 2.2 Dodging
 - Level 0.9 Stealth
 + Level 3.1 Unarmed Combat
 + Level 3.1 Shapeshifting


You had 2 spell levels left.
You didn't know any spells.
Your spell library contained the following spells:

 Spells                   Type           Power      Damage    Failure   Level
 Brom's Barrelling Bould  Conj/Erth      0%         2d3       94%         4
 Fireball                 Conj/Fire      0%         3d3       100%        5
 Iskenderun's Battlesphe  Conj           0%         2d6       100%        5
 Conjure Ball Lightning   Conj/Air       0%         3x3d6     100%        6
 Orb of Destruction       Conj           0%         9d5       100%        7


Dungeon Overview and Level Annotations

Branches:
Dungeon (2/15)


Innate Abilities, Weirdness & Mutations

You are something dangerously unstable.
You glow with magical radiation, making you easy to see and hit.
Foes you strike become dangerously contaminated with magical radiation.
Your maximum health is decreased, since you lack skill for your form.
You are incapable of wielding weapons or throwing items.
You have an increased reservoir of magic. (+10% MP)
You shall have no god before yourself.
Your divine heritage dramatically boosts your attributes as you level up.


Message History

The kobold hits you with a +0 short sword.
The goblin shoots a sling bullet.
The sling bullet hits you.
You hit the kobold.
The kobold begins to glow.
The kobold is severely wounded.
The kobold completely misses you.
The goblin shoots a sling bullet.
The sling bullet hits you but does no damage.
You barely miss the kobold.
The kobold is severely wounded.
The kobold hits you but does no damage.
You closely miss the kobold.
The kobold is severely wounded.
The kobold hits you but does no damage. The endoplasm freezes you.
You are frozen.
You hit the goblin.
You kill the goblin!
The kobold misses you. The quokka misses you. The endoplasm freezes you.
You are frozen.
* * * LOW HITPOINT WARNING * * *
You barely miss the kobold.
The kobold is severely wounded.
The kobold hits you but does no damage. The quokka completely misses you.
The endoplasm misses you.
You hit the kobold but do no damage.
The kobold glows dangerously bright.
The kobold is severely wounded.
The quokka closely misses you. The kobold completely misses you.
The endoplasm closely misses you.
You hit the kobold.
You kill the kobold!
The quokka barely misses you. The endoplasm completely misses you.
You completely miss the endoplasm. The quokka misses you.
You hit the endoplasm.
The endoplasm begins to glow.
The endoplasm is moderately wounded.
The quokka misses you. The endoplasm misses you. The quokka closely misses you.
You hit the endoplasm.
The endoplasm glows dangerously bright.
The endoplasm is almost dead.
The endoplasm freezes you.
You are frozen.
You die...

##..# #...
#......# ##..#
...~###....###.
##..#
#.P≈~#......#≈~~
#...#
.P~~~........~≈~
#.#.#
.~~~~#......#≈≈~
..#.#
.~~.###....###.~
>...#
.~~≈~#......#~≈~
.####
..~≈≈...)....≈≈
.#
.P~r≈#.pJ...#~~
.#
.~~.###)r).###.~
.# P~~≈ ......#
~~ .# ~~~
........≈≈ .# .~
≈#......#≈≈ ##
~###....###~ P~
...?.. #.
.......


You could see an endoplasm (heavy contam) and a quokka.

Vanquished Creatures
  An adder (D:2)
  2 dart slugs
  5 ball pythons
  5 bats (D:1)
  6 endoplasms
  4 goblins
  7 hobgoblins
  4 kobolds
  3 quokkas (D:1)
  A frilled lizard (D:1)
  A rat (D:1)
39 creatures vanquished.

Notes
Turn   | Place    | Note
-------+----------+-------------------------------------------
     0 | D:1      | RatsInWalls the Demigod Shapeshifter began the quest for
                  | the Orb.
     0 | D:1      | Reached XP level 1. HP: 15/15 MP: 3/3
    32 | D:1      | Reached skill level 1 in Fighting
   197 | D:1      | Reached XP level 2. HP: 21/23 MP: 4/4
   731 | D:1      | Reached XP level 3. HP: 28/28 MP: 5/5
  1910 | D:2      | Frozen to death by an endoplasm

Illustrated notes

Levels and vault maps discovered:
D:1:      lightli_arrival_statue_moat, layout_basic, nrook_loot_triangle,
          hangedman_glass_teeth
D:2:      wad_lake_hut, layout_basic, serial_corexii_hall,
          corexii_hall_statues_x, corexii_hall_statues_x

Skill      XL: |  1  2  3 |
---------------+----------+-----
Fighting       | 1 |  1.6
Dodging        | 2 |  2.2
Unarmed Combat | 3 |  3.1
Shapeshifting  | 3 |  3.1
Stealth        | |  0.9

Action                     || total
---------------------------++-------
  Melee: Unarmed           ||   124
   Stab: Sleeping          ||     1
 Armour: Animal skin       ||    44
         Skin              ||    18
  Dodge: Dodged            ||    92
   Form: Flux              ||     1
